 Dungeon Crawl Stone Soup version 0.19-a0-1852-gc11d922 (webtiles) character file.

2419 Arkorax the Basher (level 9, -2/97 HPs)
             Began as an Ogre Gladiator on Oct 11, 2016.
             Was a Believer of Cheibriados.
             Killed from afar by an orc wizard (11 damage)
             ... with a magic dart
             ... on level 8 of the Dungeon.
             The game lasted 00:08:59 (7265 turns).

Arkorax the Basher (Ogre Gladiator)                 Turns: 7265, Time: 00:09:01

Health: -2/97      AC:  3    Str: 29    XL:     9   Next: 48%
Magic:  12/12      EV: 20    Int: 11    God:    Cheibriados [**....]
Gold:   196        SH:  0    Dex: 19    Spells: 0 memorised, 8 levels left

rFire  + . .     SeeInvis .     F - +3 giant spiked club
rCold  . . .     Gourm    .     b - +0 robe
rNeg   . . .     Faith    .     (shield currently unavailable)
rPois  .         Spirit   .     c - +0 hat
rElec  .         Dismiss  .     (no cloak)
rCorr  .         Reflect  .     (gloves unavailable)
MR     .....     Harm     .     (boots unavailable)
Stlth  +++.......               (no amulet)
                                y - +1 ring of evasion
                                o - ring of protection from fire

@: agile, very slow
A: unfitting armour, tough skin 1
a: Bend Time, Renounce Religion


You were on level 8 of the Dungeon.
You worshipped Cheibriados.
Cheibriados was pleased with you.
You were not hungry.

You visited 2 branches of the dungeon, and saw 9 of its levels.

You collected 196 gold pieces.

Inventory:

Hand Weapons
 a - a +0 flail
 g - a +1 whip of electrocution
   (You took it off Pikel on level 7 of the Dungeon)
 t - a +1 giant club
 C - a +0 short sword of distortion
   (You took it off an orc on level 6 of the Dungeon)
 F - a +3 giant spiked club (weapon)
Missiles
 Y - 2 throwing nets (quivered)
Armour
 b - a +0 robe (worn)
 c - a +0 hat (worn)
 s - a +0 large shield
Jewellery
 o - a ring of protection from fire (left hand)
 y - a +1 ring of evasion (right hand)
Wands
 D - a wand of lightning (11/15)
Scrolls
 e - a scroll of amnesia
 k - 3 scrolls of teleportation {!r}
 n - 7 scrolls of remove curse
 r - a scroll of magic mapping {!r}
Potions
 h - a potion of brilliance {!q}
 l - a potion of haste {!q}
 m - a potion of resistance {!q}
 q - 4 potions of flight
 w - a potion of degeneration {unknown}
 A - a potion of might {!q}
 E - a potion of experience {unknown}
Books
 B - a book of Conjurations
Comestibles
 d - 4 chunks of flesh
 f - 3 bread rations {!e}
 i - 2 slices of pizza
 j - 5 fruits
 u - a meat ration {!e}
 z - a beef jerky


   Skills:
 + Level 8.4 Fighting
 * Level 11.4 Maces & Flails
 - Level 2.0 Throwing
 + Level 5.8 Dodging
 + Level 4.0 Invocations


You had 8 spell levels left.
You didn't know any spells.

Dungeon Overview and Level Annotations

Branches:
Dungeon (8/15)             Temple (1/1) D:6
   Lair: D:8-11

Altars:
Cheibriados
Dithmenos
Elyvilon
Fedhas
Hepliaklqana
Makhleb
Nemelex Xobeh
Sif Muna
Uskayaw
Vehumet
Zin


Innate Abilities, Weirdness & Mutations

You are too large for most types of armour.
You have tough skin. (AC +1)


Message History

You kill the orc!
Cheibriados appreciates the change of pace.
The orc wizard casts a spell at you.
You easily resist.
The orc priest miscasts a cantrip.
The orc wizard hits you with a dagger of speed.
* * * LOW HITPOINT WARNING * * *
The orc wizard closely misses you.
The orc priest looks encouraged for a moment.
The orc wizard hits you with a dagger of speed.
* * * LOW HITPOINT WARNING * * *
Things that are here:
a dagger; a scale mail; a bullfrog corpse; Damage: 4 (max 17)
You hit the orc priest.
The orc priest is lightly wounded.
The orc wizard closely misses you. The orc priest barely misses you.
The orc wizard hits you with a dagger of speed.
* * * LOW HITPOINT WARNING * * *
The orc priest barely misses you.
Damage: 3 (max 17)
You puncture the orc priest!
The orc priest is severely wounded.
The orc wizard hits you with a dagger of speed.
* * * LOW HITPOINT WARNING * * *
The orc wizard closely misses you.
The orc wizard hits you with a dagger of speed.
* * * LOW HITPOINT WARNING * * *
The orc priest barely misses you.
The orc wizard gestures at you while chanting.
The magic dart hits you!
* * * LOW HITPOINT WARNING * * *
The orc wizard casts a spell at you.
You easily resist.
Damage: 12 (max 17)
You hit the orc priest.
The orc priest is almost dead.
The orc wizard misses you.
The orc priest invokes the aid of Beogh against you.
Beogh smites you!
* * * LOW HITPOINT WARNING * * *
The orc wizard hits you but does no damage.
The orc wizard completely misses you.
Damage: 12 (max 17)
You hit the orc priest.
You kill the orc priest!
Cheibriados appreciates the change of pace.
The orc wizard misses you.
The orc wizard gestures at you while chanting.
The magic dart hits you!
You die...

###.###.#### ..
.........[. ... .......(
.
....###.##.############.#
......†.$..............>#
.........................
.........................
.)...........o[o.........
..#.####...###@#)).......
# # ##..# #.#.#.###...
#..# #.#<#..## ##.#
#.#)....# #.. #.###.###
#..##.# ... #...#.# .###
#.# .# ..# ..


You could see 2 orc wizards.

Vanquished Creatures
  Pikel (D:7)
  2 orc warriors
  An ice beast (D:6)
  5 ogres
  2 slaves (D:7)
  A phantom (D:7)
  2 centaurs
  A big kobold (D:7)
  5 bullfrogs
  2 crimson imps
  4 hounds
  5 orc priests
  An orc wizard (D:7)
  Terence (D:2)
  2 worker ants (D:5)
  Robin (D:2)
  3 gnolls (D:5)
  11 adders
  A shadow imp (D:7)
  An ooze (D:2)
  2 adder zombies
  An adder skeleton (D:7)
  A worm (D:2)
  A dart slug (D:3)
  A leopard gecko (D:6)
  22 orcs
  6 ball pythons (D:3)
  3 giant cockroaches
  11 goblins
  12 hobgoblins
  7 jackals (D:3)
  12 kobolds
  2 quokkas
  6 bats
  4 frilled lizards
  A quokka skeleton (D:7)
  5 rats
149 creatures vanquished.

Vanquished Creatures (others)
  A slave (D:7)
  4 jackals (D:7)
5 creatures vanquished.

Grand Total: 154 creatures vanquished

Notes
Turn   | Place    | Note
-------+----------+-------------------------------------------
     0 | D:1      | Arkorax the Ogre Gladiator began the quest for the Orb.
     0 | D:1      | Reached XP level 1. HP: 22/22 MP: 1/1
    89 | D:1      | Reached skill level 3 in Fighting
   146 | D:1      | Reached XP level 2. HP: 23/31 MP: 2/2
   593 | D:2      | Reached XP level 3. HP: 37/37 MP: 3/3
   755 | D:2      | Noticed Robin
   757 | D:2      | Noticed Terence
   764 | D:2      | Reached skill level 3 in Dodging
   795 | D:2      | Reached skill level 5 in Maces & Flails
   802 | D:2      | Killed Terence
   802 | D:2      | Reached XP level 4. HP: 41/48 MP: 4/4
   812 | D:2      | Killed Robin
  1055 | D:3      | Reached skill level 4 in Fighting
  1097 | D:3      | Reached XP level 5. HP: 32/54 MP: 5/5
  1500 | D:3      | Found a hazy altar of Hepliaklqana.
  1669 | D:3      | Reached skill level 6 in Maces & Flails
  1929 | D:3      | Found a burning altar of Makhleb.
  2428 | D:3      | Reached XP level 6. HP: 28/63 MP: 6/6
  2682 | D:4      | Reached skill level 5 in Fighting
  2682 | D:4      | Reached skill level 7 in Maces & Flails
  2732 | D:4      | Noticed a phantom
  2870 | D:5      | Entered Level 5 of the Dungeon
  3051 | D:5      | Reached skill level 4 in Dodging
  3140 | D:5      | Reached XP level 7. HP: 59/72 MP: 7/7
  3374 | D:5      | Reached skill level 8 in Maces & Flails
  3470 | D:5      | HP: 22/74 [poisoned by an orc]
  3475 | D:5      | HP: 21/74 [poisoned by an orc]
  3482 | D:5      | HP: 21/74 [poisoned by an orc]
  3490 | D:5      | HP: 21/74 [poisoned by an orc]
  3921 | D:5      | Reached skill level 6 in Fighting
  3971 | D:5      | Found a sparkling altar of Nemelex Xobeh.
  4527 | D:6      | Reached skill level 9 in Maces & Flails
  4527 | D:6      | Reached XP level 8. HP: 58/84 MP: 8/8
  4638 | D:6      | Found a staircase to the Ecumenical Temple.
  4651 | Temple   | Entered the Ecumenical Temple
  4744 | Temple   | Became a worshipper of Cheibriados the Contemplative
  4800 | D:6      | Reached skill level 1 in Invocations
  5289 | D:7      | Noticed Pikel
  5304 | D:7      | HP: 16/84 [Pikel/whip of electrocution (14)]
  5306 | D:7      | Killed Pikel
  5306 | D:7      | Reached skill level 7 in Fighting
  5306 | D:7      | Reached skill level 10 in Maces & Flails
  5306 | D:7      | Reached skill level 5 in Dodging
  5306 | D:7      | Reached skill level 2 in Invocations
  5848 | D:7      | Reached XP level 9. HP: 94/94 MP: 11/11
  5870 | D:7      | Reached skill level 3 in Invocations
  5871 | D:7      | Reached * piety under Cheibriados
  5904 | D:7      | Reached skill level 8 in Fighting
  5912 | D:7      | HP: 6/96 [orc warrior/trident (25)]
  5916 | D:7      | Reached skill level 11 in Maces & Flails
  6339 | D:7      | Found a glowing silver altar of Zin.
  6673 | D:7      | Found a hide-covered altar of Uskayaw.
  6673 | D:7      | Noticed a dagger
  6673 | D:7      | Noticed a dagger
  7207 | D:8      | Reached skill level 4 in Invocations
  7209 | D:8      | Reached ** piety under Cheibriados
  7263 | D:8      | HP: 29/97 [orc wizard/dagger of speed (3)]
  7264 | D:8      | HP: 8/97 [orc priest/divine providence (12)]
  7265 | D:8      | Killed from afar by an orc wizard

Vault maps used:
D:1:      lightli_arrival_noodles
D:2:      uniq_robin, uniq_terence
D:3:      makhleb_blood_cavern_becter, lemuel_crystal_altar,
          serial_bayou_pond_a, minmay_snake_closets
D:4:      first_bread
D:5:      old_standard_altar, kennysheep_cluttered_room, minivault_14
D:6:      okawaru_trees_2, due_unseen_surprise
D:7:      kb_forest_paths, dancing_weapons_uskayaw, lemuel_round_altar,
          uniq_pikel
D:8:      nicolae_ru_sacrificial_ziggurat, nicolae_qazlal_eye_of_the_storm,
          serial_glass, glass_columns_b, glass_columns_b
Temple:   nicolae_temple_figure_eight

Skill      XL: |  1  2  3  4  5  6  7  8  9 |
---------------+----------------------------+-----
Fighting       | 3 4 5 6 7 8 |  8.4
Dodging        | 3 4 5 |  5.8
Maces & Flails | 5 6 7 9 10 11 | 11.4
Invocations    | 2 4 |  4.0
Throwing       | |  2.0

Action                   |  1- 3 |  4- 6 |  7- 9 || total
-------------------------+-------+-------+-------++-------
Melee: Flail             |    60 |   158 |       ||   218
       Giant club        |       |    23 |   192 ||   215
       Giant spiked club |       |       |    21 ||    21
Throw: Throwing net      |       |     2 |     3 ||     5
  Use: Potion            |     1 |       |     9 ||    10
       Scroll            |       |       |    12 ||    12
 Stab: Sleeping          |     1 |     3 |     1 ||     5
       Invisible         |     1 |     1 |     2 ||     4
       Distracted        |     1 |       |       ||     1
       Held in net/web   |       |     2 |     1 ||     3
  Eat: Chunk             |       |     7 |     3 ||    10
       Bread ration      |       |       |     2 ||     2
Armor: Robe              |    12 |    39 |    31 ||    82
Dodge: Dodged            |    36 |   118 |   166 ||   320

Table legend:
 A = Turns spent in this place as a percentage of turns spent in the entire game.
 B = Non-inter-level travel turns spent in this place as a percentage of non-inter-level travel turns spent in the entire game.
 C = Inter-level travel turns spent in this place as a percentage of turns spent in this place.
 D = Turns resting spent in this place as a percentage of non-inter-level travel turns spent in this place.
 E = Turns spent auto-exploring this place as a percentage of non-inter-level travel turns spent in this place.
 F = Non-inter-level travel turns spent in this place divided by the number of levels of this place that you've seen.
                   A       B       C       D       E      F
               +-------+-------+-------+-------+-------+----------------------
         Total | 100.0 | 100.0 |   0.6 |   4.8 |  10.9 | 200.3
       Dungeon |  99.4 |  99.5 |   0.4 |   4.7 |  10.6 | 224.2
        Temple |   0.6 |   0.5 |  18.2 |  11.1 |  66.7 |   9.0
               +-------+-------+-------+-------+-------+----------------------

Vault maps used:
D:1:      lightli_arrival_noodles
D:2:      uniq_robin, uniq_terence
D:3:      makhleb_blood_cavern_becter, lemuel_crystal_altar,
          serial_bayou_pond_a, minmay_snake_closets
D:4:      first_bread
D:5:      old_standard_altar, kennysheep_cluttered_room, minivault_14
D:6:      okawaru_trees_2, due_unseen_surprise
D:7:      kb_forest_paths, dancing_weapons_uskayaw, lemuel_round_altar,
          uniq_pikel
D:8:      nicolae_ru_sacrificial_ziggurat, nicolae_qazlal_eye_of_the_storm,
          serial_glass, glass_columns_b, glass_columns_b
Temple:   nicolae_temple_figure_eight
